 Dungeon Crawl Stone Soup version 0.21.1-1-g345015f (webtiles) character file.

509 n0claF the Archer (level 6, -1/52 HPs)
             Began as a Centaur Hunter on June 21, 2018.
             Was an Initiate of Okawaru.
             Slain by Grinder (4 damage)
             ... on level 4 of the Dungeon.
             The game lasted 00:17:24 (5237 turns).

n0claF the Archer (Centaur Hunter)                  Turns: 5237, Time: 00:17:25

Health: -1/52      AC:  5    Str: 15    XL:     6   Next: 98%
Magic:  6/6        EV: 10    Int: 10    God:    Okawaru [......]
Gold:   207        SH:  0    Dex: 11    Spells: 5/5 levels left

rFire    . . .     SeeInvis .     - Unarmed
rCold    . . .     Gourm    .   (no shield)
rNeg     . . .     Faith    .   c - +0 leather armour
rPois    .         Spirit   .   l - +0 helmet
rElec    .         Reflect  .   (no cloak)
rCorr    .         Harm     .   (no gloves)
MR       .....                  (no barding)
Stlth    +.........             (no amulet)
HPRegen  0.17/turn              (no ring)
MPRegen  0.10/turn              (no ring)

@: very quick
A: large, hooves 3, deformed body, speed 2, tough skin 3
a: Renounce Religion


You were on level 4 of the Dungeon.
You worshipped Okawaru.
Okawaru was noncommittal.
You were not hungry.

You visited 1 branch of the dungeon, and saw 4 of its levels.

You collected 207 gold pieces.

Inventory:

Hand Weapons
 a - a +1 shortbow
Armour
 c - a +0 leather armour (worn)
 l - a +0 helmet (worn)
   (You found it on level 1 of the Dungeon)
Jewellery
 b - a +2 ring of evasion {unknown}
   (You found it on level 1 of the Dungeon)
 r - an uncursed ring of protection from cold {unknown}
   (You found it on level 3 of the Dungeon)
Wands
 q - a wand of enslavement (17)
   (You found it on level 2 of the Dungeon)
Scrolls
 f - a scroll of fog {unknown}
 g - a scroll of enchant armour {unknown}
 h - 3 scrolls of remove curse {unknown}
 i - a scroll of teleportation {unknown}
 k - 2 scrolls of magic mapping {unknown}
 m - a scroll of identify {unknown}
 o - 2 scrolls of noise {unknown}
Potions
 n - a potion of haste {unknown}
 p - 2 potions of curing {@q1}
 s - a potion of brilliance {unknown}
Comestibles
 e - 2 rations {!d}
 j - 8 chunks of flesh


   Skills:
 + Level 3.7 Fighting
 * Level 8.1 Bows
 + Level 2.7 Dodging
 - Level 0.4 Stealth
 + Level 3.0 Unarmed Combat


You had 5 spell levels left.
You didn't know any spells.

Dungeon Overview and Level Annotations

Branches:
Dungeon (4/15)
 Temple: D:4-7

Altars:
Okawaru
The Shining One

Shops:
D:4 [

Annotations:
D:4 Grinder, Pikel


Innate Abilities, Weirdness & Mutations

You have hooves in place of feet.
Armour fits poorly on your strangely shaped body.
You cover ground very quickly.
You have extremely tough skin. (AC +3)


Message History

d - 8 arrows (gained 2)
e - 2 rations {!d} (gained 1)
Found a hunting sling.
Grinder comes into view.
Grinder shouts!
Grinder blinks!
Grinder blinks!
Grinder blinks!
There is a stone staircase leading up here.
Aim: Grinder You shoot an arrow.
The arrow closely misses Grinder.
Aim: Grinder You shoot an arrow.
The arrow completely misses Grinder.
Aim: Grinder You shoot an arrow.
The arrow hits Grinder!
Aim: Grinder (lightly wounded)
You shoot an arrow. The arrow hits Grinder.
Grinder blinks!
Aim: Grinder (moderately wounded)
You shoot an arrow. The arrow hits Grinder.
Grinder gestures at you.
You suddenly lose the ability to move!
Grinder gestures at you.
You barely resist. Grinder hits you! Grinder hits you.
You can move again.
Aim: Grinder (moderately wounded)
You shoot an arrow. The arrow hits Grinder.
Grinder barely misses you.
Aim: Grinder (heavily wounded)
You shoot an arrow. The arrow barely misses Grinder.
Grinder hits you.
You writhe in agony.
Aim: Grinder (heavily wounded)
You shoot an arrow. The arrow barely misses Grinder.
Grinder hits you.
You writhe in agony.
* * * LOW HITPOINT WARNING * * *
Okay, then.
Aim: Grinder (heavily wounded, chance to defeat MR: 46%) Grinder resists with some effort.
Grinder hits you but does no damage.
You are now empty-handed.
You hit Grinder but do no damage. Grinder hits you.
* * * LOW HITPOINT WARNING * * *
You writhe in agony.
* * * LOW HITPOINT WARNING * * *
You barely miss Grinder. You kick Grinder. Grinder hits you but does no damage.
You closely miss Grinder. Your kick misses Grinder. Grinder hits you.
* * * LOW HITPOINT WARNING * * *
You writhe in agony.
* * * LOW HITPOINT WARNING * * *
Grinder hits you.
You die...

#.............#
#.............#
#.......(....)#
......(......#
###......##### .......
#......# .......#
#......# .......#
#......# .......#
#...@5(# .......#
#......#
..(....######......#####
#.....................#
#.....................#
#(...รท................#
+.....................#
#.....................#
....#'#######......#####


You could see Grinder.

Vanquished Creatures
  The ghost of Bnni the Ruffian, an amateur NaTm (D:3)
  2 slaves
  2 orc priests
  2 orc wizards
  12 adders
  A shadow imp (D:4)
  2 oozes
  An adder skeleton (D:4)
  3 worms (D:4)
  3 dart slugs
  3 leopard geckos
  8 orcs
  9 bats
  14 giant cockroaches
  9 goblins
  12 hobgoblins
  7 jackals
  A quokka (D:2)
  A ball python (D:1)
  5 frilled lizards
  6 kobolds
  A leopard gecko skeleton (D:4)
  8 rats
113 creatures vanquished.

Notes
Turn   | Place    | Note
-------+----------+-------------------------------------------
     0 | D:1      | n0claF the Centaur Hunter began the quest for the Orb.
     0 | D:1      | Reached XP level 1. HP: 17/17 MP: 1/1
   116 | D:1      | Reached XP level 2. HP: 24/24 MP: 2/2
   690 | D:2      | Reached skill level 1 in Unarmed Combat
   690 | D:2      | Reached XP level 3. HP: 30/30 MP: 3/3
   706 | D:2      | Reached skill level 6 in Bows
   716 | D:2      | Reached XP level 4. HP: 6/37 MP: 4/4
  1499 | D:2      | Reached XP level 5. HP: 39/44 MP: 5/5
  1872 | D:3      | Found an iron altar of Okawaru.
  1941 | D:3      | Became a worshipper of Warmaster Okawaru
  2071 | D:3      | Found a glowing golden altar of the Shining One.
  2087 | D:3      | Reached skill level 7 in Bows
  2631 | D:3      | Reached XP level 6. HP: 51/51 MP: 6/6
  2845 | D:3      | Noticed Bnni's ghost (amateur NaTm)
  3886 | D:3      | Killed Bnni's ghost
  3886 | D:3      | Reached skill level 8 in Bows
  4336 | D:4      | Noticed a slave
  4336 | D:4      | Noticed a slave
  4343 | D:4      | Noticed a slave
  4399 | D:4      | Killed a slave
  4636 | D:4      | Noticed a slave
  4650 | D:4      | Noticed Pikel
  4731 | D:3      | Killed a slave
  5102 | D:4      | Found Ereu's Armour Emporium.
  5214 | D:4      | Noticed Grinder
  5224 | D:4      | Paralysed by Grinder for 4 turns
  5236 | D:4      | HP: 2/52 [Grinder (6)]
  5237 | D:4      | Slain by Grinder

Skill      XL: |  1  2  3  4  5  6 |
---------------+-------------------+-----
Unarmed Combat | 1 2 3 |  3.0
Bows           | 6 7 8 |  8.1
Dodging        | 2 |  2.7
Fighting       | 3 |  3.7
Stealth        | |  0.4

Action                   |  1- 3 |  4- 6 || total
-------------------------+-------+-------++-------
Melee: Unarmed           |       |    48 ||    48
       Kick              |       |    11 ||    11
 Fire: Shortbow          |    81 |   406 ||   487
Evoke: Wand              |       |     1 ||     1
  Use: Potion            |       |     3 ||     3
  Eat: Chunk             |       |     5 ||     5
       Ration            |       |     2 ||     2
Armor: Leather armour    |     3 |    73 ||    76
Dodge: Dodged            |    11 |    94 ||   105
